 Dungeon Sprint DCSS version 0.29-a0-96-g93358da72b (webtiles) character file.

Game seed: 7266804849418704233

445 cyrus the Skirmisher (level 7, -1/73 HPs)
             Began as a Naga Fighter on Feb 11, 2022.
             Was an Initiate of Jiyva.
             Slain by a demonic crawler (7 damage)
             ... in the Dungeon (Sprint I: "Red Sonja").
             The game lasted 00:02:58 (1122 turns).

cyrus the Skirmisher (Naga Fighter)                 Turns: 1122, Time: 00:02:59

Health: -1/73      AC:  7    Str: 20    XL:     7   Next: 3%
Magic:  7/7        EV:  7    Int:  8    God:    Jiyva [......]
Gold:   162        SH:  5    Dex: 11    Spells: 6/6 levels left

rFire   . . .      SeeInvis +   a - +0 trident
rCold   . . .      Faith    .   c - +0 buckler
rNeg    . . .      Spirit   .   b - +0 scale mail
rPois   +          Reflect  .   (no helmet)
rElec   .          Harm     .   (no cloak)
rCorr   .          Rampage  .   (no gloves)
Will    .....      NoTele   +   (no barding)
Stlth   ..........              (no amulet)
HPRegen 0.22/turn               (no ring)
MPRegen 0.10/turn               (no ring)

@: very slow
A: AC +2, large, see invisible, deformed body, poison resistance, slowness 2,
spit poison 1, naga tail 1
a: Spit Poison, Renounce Religion


You were in the Dungeon.
You worshipped Jiyva.
Jiyva was noncommittal.
You visited 1 branch You collected 162 gold pieces.

Inventory:

Hand Weapons
 a - a +0 trident (weapon)
Armour
 b - a +0 scale mail (worn)
 c - a +0 buckler (worn)
Wands
 d - a wand of iceblast (6)
Scrolls
 j - a scroll of blinking
Potions
 e - a potion of attraction {unknown}
 g - a potion of haste
 h - 2 potions of magic


   Skills:
 + Level 7.8 Fighting
 + Level 6.8 Polearms
 + Level 7.4 Armour
 + Level 1.3 Dodging
 + Level 0.6 Stealth
 + Level 5.9 Shields


You had 6 spell levels left.
You didn't know any spells.
Your spell library was empty.

Dungeon Overview and Level Annotations

Branches:
Dungeon (1/1)

Altars:
Makhleb
Sif Muna
Wu Jian
Xom
Jiyva
Lugonu


Innate Abilities, Weirdness & Mutations

Your serpentine skin is tough. (AC +2)
You have supernaturally acute eyesight. (SInv)
Armour fits poorly on your strangely shaped body.
Your system is resistant to poisons. (rPois)
You cover ground very slowly.
You can spit poison.
You have a snake-like lower body.


Message History

The demonic crawler hits you. You block the demonic crawler's attack.
The demonic crawler hits you.
The kobold demonologist gestures wildly while chanting.
You hit the demonic crawler but do no damage.
The demonic crawler is moderately wounded.
The demonic crawler barely misses you. x2
The demonic crawler hits you but does no damage.
A demonic crawler comes into view.
The kobold demonologist looks encouraged for a moment.
Unknown command.
You hit the demonic crawler but do no damage.
The demonic crawler is moderately wounded.
You block the demonic crawler's attack. The demonic crawler hits you!
* * * LOW HITPOINT WARNING * * *
The demonic crawler hits you but does no damage.
You hear a distant slurping noise.
You hear a squelching noise.
The demonic crawler shrieks in warning! x2
You hit the demonic crawler but do no damage.
The demonic crawler is moderately wounded.
The demonic crawler barely misses you.
The demonic crawler closely misses you. x2
The demonic crawler hits you but does no damage.
The demonic crawler closely misses you.
The demonic crawler hits you but does no damage.
The kobold demonologist mumbles some strange words.
You puncture the demonic crawler!
The demonic crawler is moderately wounded.
The demonic crawler shrieks in warning!
You block the demonic crawler's attack. The demonic crawler closely misses you.
The demonic crawler hits you.
* * * LOW HITPOINT WARNING * * *
The demonic crawler shrieks in warning!
The kobold demonologist begins to cast a cantrip, but forgets the words!
You hear a hideous shriek!
Unknown command.
You hit the demonic crawler but do no damage.
The demonic crawler is moderately wounded.
The demonic crawler hits you!
* * * LOW HITPOINT WARNING * * *
The demonic crawler hits you!
You die...

########################
.#..)..#..'..#__#s..K4.#
.)..#..').#..'..@ss#
.#####'#####'#__#### .#
#..# #.#### .# #### #.#
.# _.. ⌠# ._# ## .#+# +


You could see 3 demonic crawlers, a kobold demonologist and a chaos spawn
(summoned).

Vanquished Creatures
  A slime creature (D)
  Sigmund (D)
  An ogre (D)
  Ijyb (D)
4 creatures vanquished.

Vanquished Creatures (others)
  A centaur warrior (D)
  3 floating eyes (D)
  A hornet (D)
  A redback (D)
  7 necrophages (D)
  21 jellies (D)
34 creatures vanquished.

Grand Total: 38 creatures vanquished

Notes
Turn   | Place    | Note
-------+----------+-------------------------------------------
     0 | D        | cyrus the Naga Fighter began the quest for the Orb.
     0 | D        | Reached XP level 1. HP: 21/21 MP: 1/1
    12 | D        | Noticed Ijyb
    20 | D        | Killed Ijyb
    21 | D        | Reached XP level 2. HP: 9/30 MP: 2/2
   323 | D        | Noticed an ogre
   329 | D        | Killed an ogre
   330 | D        | Reached skill level 5 in Fighting
   330 | D        | Reached XP level 3. HP: 10/40 MP: 3/3
   330 | D        | Reached XP level 4. HP: 13/48 MP: 4/4
   671 | D        | Noticed Sigmund
   694 | D        | Killed Sigmund
   695 | D        | Reached skill level 5 in Polearms
   695 | D        | Reached skill level 5 in Shields
   695 | D        | Reached XP level 5. HP: 19/57 MP: 5/5
   695 | D        | Reached XP level 6. HP: 22/66 MP: 6/6
   929 | D        | Found a burning altar of Makhleb.
   929 | D        | Found a viscous altar of Jiyva.
   929 | D        | Found a shimmering altar of Xom.
   929 | D        | Found a corrupted altar of Lugonu.
   929 | D        | Noticed a slime creature
   939 | D        | Killed a slime creature
   940 | D        | Reached skill level 1 in Dodging
   940 | D        | Reached XP level 7. HP: 35/73 MP: 7/7
   940 | D        | Found an ornate altar of the Wu Jian Council.
   940 | D        | Found a shimmering blue altar of Sif Muna.
   944 | D        | Became a worshipper of Jiyva Jotapni the Shapeless
   959 | D        | Killed a centaur warrior
   977 | D        | Killed a hornet
  1017 | D        | Killed a redback
  1111 | D        | Noticed a demonic crawler
  1115 | D        | Noticed a kobold demonologist
  1117 | D        | Noticed a demonic crawler
  1118 | D        | Noticed a demonic crawler
  1121 | D        | Noticed a chaos spawn
  1122 | D        | Slain by a demonic crawler

Illustrated notes

Levels and vault maps discovered:
D:        dungeon_sprint_1 [red_sonja_temple_1, red_sonja_temple_small_1]

Skill      XL: |  1  2  3  4  5  6 |
---------------+-------------------+-----
Fighting       | 4 5 7 |  7.8
Armour         | 3 4 6 7 |  7.4
Shields        | 3 4 5 |  5.9
Polearms       | 3 5 6 |  6.8
Dodging        | 1 |  1.3
Stealth        | |  0.6

Action                   |  1- 3 |  4- 6 |  7- 9 || total
-------------------------+-------+-------+-------++-------
Melee: Trident           |    11 |    23 |     8 ||    42
Evoke: Wand              |       |     1 |     1 ||     2
  Use: Potion            |     3 |     1 |       ||     4
Armor: Scale mail        |       |     3 |    10 ||    13
Dodge: Dodged            |     4 |     6 |     8 ||    18
Block: Buckler           |       |     2 |     5 ||     7

Table legend: (Time is in decaauts)
 A = Elapsed time spent in this place.
 B = Non-inter-level travel time spent in this place.
 C = Inter-level travel time spent in this place.
 D = Time resting spent in this place.
 E = Time spent auto-exploring this place.
 F = Levels seen in this place.
 G = Mean time per level.
                   A        B        C        D        E       F      G
               +--------+--------+--------+--------+--------+-----+--------+
         Total |   1155 |   1155 |      0 |   1011 |      0 |   1 | 1155.0 |
       Dungeon |   1155 |   1155 |      0 |   1011 |      0 |   1 | 1155.0 |
               +--------+--------+--------+--------+--------+-----+--------+

Top non-repeatable levels by time:
       D: 1155 daAuts
